 Dungeon Crawl Stone Soup version 0.29.1-13-g9f3cf754e1 (webtiles) character file.

Game seed: 13108281932497035872

0 sircluck the Grave Robber (level 1, 0/13 HPs)
             Began as a Mummy Necromancer on Jan 25, 2023.
             Slain by a hobgoblin (4 damage)
             ... on level 1 of the Dungeon.
             The game lasted 00:00:24 (87 turns).

sircluck the Grave Robber (Mummy Necromancer)         Turns: 87, Time: 00:00:24

Health: 0/13       AC:  2    Str: 11    XL:     1   Next: 8%
Magic:  4/4        EV: 12    Int: 14    God:
Gold:   10         SH:  0    Dex: 12    Spells: 4/5 levels left

rFire   x . .      SeeInvis .   (no weapon)
rCold   + . .      Faith    .   (no shield)
rNeg    + + +      Spirit   .   a - +0 robe
rPois   ∞          Reflect  .   (no helmet)
rElec   .          Harm     .   (no cloak)
rCorr   .          Rampage  .   (no gloves)
Will    .....                   (no boots)
Stlth   ++........              (no amulet)
HPRegen 0.04/turn               (no ring)
MPRegen 0.09/turn               (no ring)

@: no status effects
A: cold resistance 1, negative energy resistance 3, torment resistance 2, heat
vulnerability 1, no potions
a: no special abilities


You were on level 1 of the Dungeon.
You visited 1 branch of the dungeon, and saw 1 of its levels.

You collected 10 gold pieces.

Inventory:

Armour
 a - a +0 robe (worn)
 b - a +0 leather armour


   Skills:
 + Level 1.5 Dodging
 + Level 1.5 Stealth
 + Level 2.6 Spellcasting
 + Level 4.0 Necromancy


You had 4 spell levels left.
You knew the following spells:

 Your Spells              Type           Power      Damage    Failure   Level
a - Necrotise             Necr           52%        1d6       4%          1

Your spell library contained the following spells:

 Spells                   Type           Power      Damage    Failure   Level
 Vampiric Draining        Necr           13%        2d6       13%         3
 Animate Dead             Necr           13%        N/A       38%         4
 Agony                    Necr           13%        N/A       75%         5


Dungeon Overview and Level Annotations

Branches:
Dungeon (1/15)

Altars:


Innate Abilities, Weirdness & Mutations

You are immune to poison.
Your flesh is cold resistant. (rC+)
You are immune to negative energy. (rN+++)
You are immune to unholy pain and torment.
You are vulnerable to heat. (rF-)
You do not drink.


Message History

b - a +0 leather armour
There is a shaft here.
Found 10 gold pieces.
You now have 10 gold pieces.
A goblin comes into view. It is wielding a +0 club.
Found a scroll labelled UFEASA EFUAH and a scroll labelled HUADE BILO.
The goblin shouts!
A hobgoblin comes into view.
The hobgoblin shouts!
The goblin hits you with a +0 club. The goblin attacks as you move away!
The goblin hits you with a +0 club.
Found a robe.
The hobgoblin closely misses you.
You barely miss the goblin. The hobgoblin barely misses you.
The goblin barely misses you.
You hit the goblin.
The goblin is moderately wounded.
The hobgoblin barely misses you. The goblin closely misses you.
You closely miss the goblin.
The goblin is moderately wounded.
The hobgoblin hits you. The goblin hits you with a +0 club.
You hit the goblin. Your punch misses the goblin.
The goblin is severely wounded.
The hobgoblin hits you.
* * * LOW HITPOINT WARNING * * *
The goblin misses you.
You hit the goblin.
You kill the goblin!
The hobgoblin closely misses you. The hobgoblin attacks as you move away!
The hobgoblin misses you.
Things that are here:
a +0 club; a goblin corpse The hobgoblin attacks as you move away!
The hobgoblin misses you. The hobgoblin attacks as you move away!
The hobgoblin hits you but does no damage.
You closely miss the hobgoblin. The hobgoblin closely misses you.
You hit the hobgoblin.
The hobgoblin is severely wounded.
The hobgoblin hits you.
You die...

#.#.# #.. #.#?#
#.# ##.#.. ...
....# #.# #.#.#
#.# #.#.####.###.
######........?...
#@g.........).#
#.#####...####....
#.# ##.## .##. #.#
#.# ## #.# #.# #.#
#.# #.# #.. #.#
##. #.#


You could see a hobgoblin.

Vanquished Creatures
  A goblin (D:1)
1 creature vanquished.

Notes
Turn   | Place    | Note
-------+----------+-------------------------------------------
     0 | D:1      | sircluck the Mummy Necromancer began the quest for the Orb.
     0 | D:1      | Reached XP level 1. HP: 13/13 MP: 4/4
    87 | D:1      | Slain by a hobgoblin

Illustrated notes

Levels and vault maps discovered:
D:1:      wander_arrival_desolate, layout_loops_ring,
          ebering_ecumenical_altar_abandoned,
          nicolae_concentric_dashed_squares_wild

Action                   || total
-------------------------++-------
Melee: Unarmed           ||     7
Armor: Robe              ||     1
Dodge: Dodged            ||    10
